 Dungeon Crawl Stone Soup version 0.30-a0-652-gcc886f7154 (webtiles) character file.

Game seed: 12668495124647299749

181 OTABOTABOTAB the Shooter (level 5, -3/40 HPs)
             Began as a Formicid Hexslinger on Jan 18, 2023.
             Killed from afar by an orc wizard (6 damage)
             ... with a magic dart
             ... on level 4 of the Dungeon.
             The game lasted 00:04:06 (2702 turns).

OTABOTABOTAB the Shooter (Formicid Hexslinger)      Turns: 2702, Time: 00:04:07

Health: -3/40      AC:  2    Str: 14    XL:     5   Next: 92%
Magic:  6/6        EV: 13    Int: 13    God:
Gold:   120        SH:  0    Dex: 16    Spells: 5/6 levels left

rFire   . . .      SeeInvis +    a - +1 sling
rCold   . . .      Faith    .    (no shield)
rNeg    . . .      Spirit   .    c - +0 robe
rPois   .          Reflect  .    (helmet unavailable)
rElec   .          Harm     .    (no cloak)
rCorr   .          Rampage  .    (no gloves)
Will    .....                    (no boots)
Stlth   +                        (no amulet)
HPRegen 0.26/turn                (no ring)
MPRegen 0.10/turn                (no ring)

@: no status effects
A: permanent stasis, dig shafts and tunnels, antennae 3, four strong arms
a: Dig, Shaft Self


You were on level 4 of the Dungeon.
You visited 1 branch of the dungeon, and saw 4 of its levels.

You collected 120 gold pieces.

Inventory:

Hand Weapons
 a - a +1 sling (weapon)
Missiles
 k - 4 poisoned darts
 s - 14 stones
Armour
 c - a +0 robe (worn)
 f - a +2 cloak
   (You found it on level 1 of the Dungeon)
Jewellery
 e - an amulet of faith
   (You found it on level 2 of the Dungeon)
Scrolls
 b - 2 scrolls of poison {!r}
 h - a scroll of fog {unknown}
 E - a scroll of fear
Potions
 M - 2 potions of might
 R - a potion of resistance


   Skills:
 + Level 2.9 Fighting
 * Level 4.2 Ranged Weapons
 + Level 2.9 Dodging
 - Level 1.1 Spellcasting
 - Level 3.6 Hexes


You had 5 spell levels left.
You knew the following spells:

 Your Spells              Type           Power      Damage    Failure   Level
s - Slow                  Hex            40%        N/A       6%          1

Your spell library contained the following spells:

 Spells                   Type           Power      Damage    Failure   Level
 Magic Dart               Conj           0%         1d3       28%         1
 Inner Flame              Hex/Fire       5%         N/A       36%         3
 Portal Projectile        Hex/Tloc       10%        N/A       36%         3
 Searing Ray              Conj           0%         2d4       38%         2
 Cause Fear               Hex            5%         N/A       54%         4
 Gell's Gravitas          Tloc           0%         N/A       63%         3
 Teleport Other           Tloc           0%         N/A       63%         3
 Fulminant Prism          Conj/Hex       2%         3d5       78%         4
 Manifold Assault         Tloc           0%         N/A       95%         4
 Dispersal                Tloc           0%         N/A       100%        6
 Disjunction              Tloc           0%         N/A       100%        8


Dungeon Overview and Level Annotations

Branches:
Dungeon (4/15)
 Temple: D:4-7

Altars:
Cheibriados
Dithmenos
Elyvilon

Shops:
D:3 =


Innate Abilities, Weirdness & Mutations

You cannot be hasted, slowed, berserked, paralysed or teleported.
You can dig through walls and to a lower floor.
You have a pair of large antennae on your head. (SInv)
Your four strong arms can wield two-handed weapons with a shield.


Message History

Something hits you but does no damage.
You cannot move. (Use ctrl+direction or * direction to attack while stationary and confused.)
You cannot move. (Use ctrl+direction or * direction to attack while stationary and confused.) Unknown command.
Unknown command.
You are too injured to fight recklessly!
You are too injured to fight recklessly!
You are too injured to fight recklessly!
You are too injured to fight recklessly!
You are too injured to fight recklessly!
Non-targeted confused fire: a) +1 sling Look: an orc wizard, wielding a +0 dagger and wearing a +0 robe (heavily wounded)
You shoot a sling bullet.
You feel less wooden.
Your +0 robe unmelds from your body.
The orc wizard points at you and mumbles some strange words.
The magic dart hits you!
* * * LOW HITPOINT WARNING * * *
The orc wizard gestures at you while chanting.
The puff of flame misses you.
You now have 8/40 hp.
Non-targeted confused fire: a) +1 sling You shoot a sling bullet.
The sling bullet misses the orc wizard.
You feel less confused.
The orc wizard gestures at you while chanting.
You are confused.
The orc wizard hits you with a +0 dagger.
* * * LOW HITPOINT WARNING * * *
You take 2 damage, and have 6/40 hp.
It was a potion of heal wounds.
You feel much better.
The orc wizard hits you with a +0 dagger. x2
You regained 28 hp, and now have 34/40 hp.
Non-targeted confused fire: a) +1 sling Look: an orc wizard, wielding a +0 dagger and wearing a +0 robe (moderately wounded, slightly transparent)
You shoot a sling bullet. The sling bullet hits the orc wizard.
The orc wizard casts a spell.
The orc wizard flickers and vanishes for a moment.
The orc wizard barely misses you.
Non-targeted confused fire: a) +1 sling Look: an orc wizard, wielding a +0 dagger and wearing a +0 robe (moderately wounded, slightly transparent)
You shoot a sling bullet.
The orc wizard points at you and mumbles some strange words.
The magic dart hits you!
The orc wizard hits you but does no damage.
The orc wizard gestures wildly while chanting.
The orc wizard flickers and vanishes for a moment.
You take 7 damage, and have 27/40 hp.
Non-targeted confused fire: a) +1 sling Look: an orc wizard, wielding a +0 dagger and wearing a +0 robe (moderately wounded, slightly transparent)
You shoot a sling bullet. The sling bullet misses the orc wizard.
The orc wizard hits you with a +0 dagger.
The orc wizard points at you and mumbles some strange words.
You resist with some effort. The orc wizard closely misses you.
The orc wizard hits you with a +0 dagger.
You take 7 damage, and have 20/40 hp.
Non-targeted confused fire: a) +1 sling You shoot a sling bullet.
The sling bullet hits the orc wizard.
The orc wizard closely misses you. x2
You miss the orc wizard.
You feel less confused. The orc wizard completely misses you.
The orc wizard hits you with a +0 dagger.
You take 1 damage, and have 19/40 hp.
Fire: a) +1 sling
Aim: an orc wizard, wielding a +0 dagger and wearing a +0 robe (moderately wounded, slightly transparent, 55% to hit)
You shoot a sling bullet. The sling bullet hits the orc wizard.
The orc wizard hits you with a +0 dagger.
The orc wizard closely misses you.
The orc wizard points at you and mumbles some strange words.
The magic dart hits the orc wizard.
The orc wizard dies!
Reactivating autopickup.
The orc wizard hits you with a +0 dagger.
You take 2 damage, and have 17/40 hp.
Fire: a) +1 sling
Aim: an orc wizard, wielding a +0 dagger and wearing a +0 robe (heavily wounded, slightly transparent, 55% to hit)
You shoot a sling bullet. The sling bullet hits the orc wizard.
The orc wizard misses you.
The orc wizard gestures at you while chanting.
The magic dart hits you.
* * * LOW HITPOINT WARNING * * *
You take 5 damage, and have 12/40 hp.
Fire: a) +1 sling
Aim: an orc wizard, wielding a +0 dagger and wearing a +0 robe (almost dead, slightly transparent, 55% to hit)
You shoot a sling bullet.
The sling bullet hits the orc wizard but does no damage.
The orc wizard casts a spell at you. The magic dart hits you!
* * * LOW HITPOINT WARNING * * *
The orc wizard hits you with a +0 dagger.
* * * LOW HITPOINT WARNING * * *
You take 9 damage, and have 3/40 hp.
MASSIVE DAMAGE!!
Fire: a) +1 sling
Aim: an orc wizard, wielding a +0 dagger and wearing a +0 robe (almost dead, slightly transparent, 55% to hit)
You shoot a sling bullet.
The sling bullet barely misses the orc wizard.
The orc wizard casts a spell at you. The magic dart hits you.
You die... #.# #.# .### ..# #.##.# .... ^....#.# ..<#...##.###.##... ####.#.#.......#.# ### # #..#...##.##...#... # #.#.#.#...#.#.#.# ####...#...#...#... ### ...#.#.#.#...#.#)# .oo

##...#...##.##.o@#
.)
####.#.#.......#o#.#
# #...##.###.##)..#
# ##.#...........#.#
#
#..##.###.###.##...
...#...........?..
#.#
)..##.###.###.###.#
.# ## .... ..# #.#
## # #.... # # #


You could see 2 orc wizards.

Vanquished Creatures
  An orc priest (D:4)
  An orc wizard (D:4)
  Robin (D:3)
  2 adders (D:2)
  2 worms
  7 orcs
  5 bats
  8 endoplasms
  5 giant cockroaches
  10 goblins
  9 hobgoblins
  4 jackals (D:3)
  3 ball pythons
  2 frilled lizards
  2 kobolds
  7 rats
69 creatures vanquished.

Vanquished Creatures (others)
  An orc wizard (D:4)
1 creature vanquished.

Grand Total: 70 creatures vanquished

Notes
Turn   | Place    | Note
-------+----------+-------------------------------------------
     0 | D:1      | OTABOTABOTAB the Formicid Hexslinger began the quest for
                  | the Orb.
     0 | D:1      | Reached XP level 1. HP: 15/15 MP: 2/2
   288 | D:1      | Reached XP level 2. HP: 21/21 MP: 3/3
   297 | D:1      | Reached skill level 2 in Dodging
   894 | D:2      | Reached XP level 3. HP: 27/27 MP: 4/4
   997 | D:2      | Reached skill level 2 in Fighting
  1130 | D:2      | Reached skill level 3 in Ranged Weapons
  1363 | D:2      | Reached XP level 4. HP: 32/33 MP: 5/5
  1504 | D:2      | Found a faded altar of an unknown god.
  2001 | D:3      | Noticed Robin
  2019 | D:3      | Killed Robin
  2021 | D:3      | HP: 7/33 [goblin/+0 dagger of draining[Robin] (3)]
  2161 | D:3      | Found a shadowy altar of Dithmenos.
  2161 | D:3      | Found a snail-covered altar of Cheibriados.
  2165 | D:3      | Reached XP level 5. HP: 37/37 MP: 6/6
  2218 | D:3      | Found Byim's Jewellery Shoppe.
  2441 | D:3      | Found a white marble altar of Elyvilon.
  2668 | D:4      | Reached skill level 4 in Ranged Weapons
  2691 | D:4      | HP: 8/40 [orc wizard/magic dart (8)]
  2701 | D:4      | HP: 4/40 [orc wizard/magic dart (8)]
  2702 | D:4      | Killed from afar by an orc wizard

Illustrated notes

Levels and vault maps discovered:
D:1:      amcnicky_arrival_choice, layout_basic
D:2:      layout_basic, serial_forest, infiniplex_forest_corner_2,
          infiniplex_forest_straight_2, infiniplex_forest_pool,
          infiniplex_forest_lined_room_3, infiniplex_forest_straight_5,
          infiniplex_forest_zigzag_2, infiniplex_forest_fountain,
          infiniplex_forest_end_1, infiniplex_forest_corner_2,
          nicolae_ecumenical_lake_church, chequers_serial_rivers_micro_c,
          dreamdust_princess_corridor
D:3:      layout_loops_ring, mainiacjoe_overflow_alcove_2,
          mainiacjoe_overflow_large_starburst, serial_shops,
          nicolae_shop_statue_plus, kennysheep_flooded_box, uniq_robin
D:4:      layout_loops_ring, makhleb_blood_cavern_becter, roderic_lattice_a,
          nicolae_concentric_dashed_squares_mild, uniq_menkaure

Skill      XL: |  1  2  3  4  5 |
---------------+----------------+-----
Dodging        | 2 |  2.9
Fighting       | 2 |  2.9
Ranged Weapons | 3 4 |  4.2
Spellcasting   | |  1.1
Hexes          | |  3.6

Action                   |  1- 3 |  4- 6 || total
-------------------------+-------+-------++-------
Melee: Sling             |       |     1 ||     1
 Fire: Sling             |    80 |   146 ||   226
 Cast: Slow              |       |     1 ||     1
  Use: Scroll            |     3 |     4 ||     7
       Potion            |       |     4 ||     4
Armor: Robe              |     6 |    14 ||    20
       Skin              |       |    65 ||    65
Dodge: Dodged            |    15 |    66 ||    81

Table legend: (Time is in decaauts)
 A = Elapsed time spent in this place.
 B = Non-inter-level travel time spent in this place.
 C = Inter-level travel time spent in this place.
 D = Time resting spent in this place.
 E = Time spent auto-exploring this place.
 F = Levels seen in this place.
 G = Mean time per level.
                   A        B        C        D        E       F      G
               +--------+--------+--------+--------+--------+-----+--------+
         Total |   2755 |   2671 |     84 |    136 |   2130 |   4 |  688.8 |
       Dungeon |   2755 |   2671 |     84 |    136 |   2130 |   4 |  688.8 |
               +--------+--------+--------+--------+--------+-----+--------+

Top non-repeatable levels by time:
     D:3: 946 daAuts
     D:2: 895 daAuts
     D:1: 802 daAuts
     D:4: 111 daAuts

Table legend:
 A = Kills in this place as a percentage of kills in entire the game.
 B = Kills by you in this place as a percentage of kills by you in the entire game.
 C = Kills by friends in this place as a percentage of kills by friends in the entire game.
 D = Other kills in this place as a percentage of other kills in the entire game.
 E = Experience gained in this place as a percentage of experience gained in the entire game.
 F = Experience gained in this place divided by the number of levels of this place that you have seen.
                   A       B       C       D       E      F
               +-------+-------+-------+-------+-------+----------------------
         Total | 100.0 | 100.0 |   N/A | 100.0 | 100.0 |  64.8
       Dungeon | 100.0 | 100.0 |   N/A | 100.0 | 100.0 |  64.8
               +-------+-------+-------+-------+-------+----------------------
